 Dungeon Crawl Stone Soup version 0.17.1-3-g152610e (webtiles) character file.

234 Lucifugo the Sneak (level 6, -1/37 HPs)
             Began as a Kobold Assassin on Apr 25, 2016.
             Slain by a hound (4 damage)
             ... on level 4 of the Dungeon.
             The game lasted 01:28:22 (4281 turns).

Lucifugo the Sneak (Kobold Assassin)                Turns: 4281, Time: 01:28:22

Health: -1/37      AC:  6    Str: 10    XL:     6   Next: 26%
Magic:  6/6        EV: 20    Int:  9    God:
Gold:   179        SH:  0    Dex: 19    Spells: 0 memorised, 5 levels left

rFire  . . .     SeeInvis .     c - -1 dagger (curse)
rCold  . . .     Clarity  .     x - +0 leather armour
rNeg   . . .     SustAt   .     (shield restricted)
rPois  +         Gourm    .     i - +1 helmet
rElec  .         Spirit   .     d - +0 cloak
rCorr  .         Warding  .     (no gloves)
rMut   .         Stasis   .     (no boots)
MR     .....                    (no amulet)
Stlth  ++++......               z - ring of poison resistance
                                r - +4 ring of evasion

@: drained, not resistant to hostile enchantments, stealthy
A: carnivore 3
a: no special abilities


You were on level 4 of the Dungeon.
You were full.

You visited 1 branch of the dungeon, and saw 4 of its levels.

You collected 179 gold pieces.

Inventory:

Hand Weapons
 a - a +2 dagger
 b - a +0 blowgun
 c - a cursed -1 dagger (weapon)
 h - a +0 club
 s - a +1 dagger of venom
Missiles
 e - 19 poisoned needles (quivered)
 f - 7 curare-tipped needles
Armour
 d - a +0 cloak (worn)
 i - a +1 helmet (worn)
 x - a +0 leather armour (worn)
Jewellery
 n - an uncursed ring of ice
 o - an uncursed ring of sustain attributes
 r - a +4 ring of evasion (left hand)
 z - a ring of poison resistance (right hand)
Wands
 l - a wand of slowing (17)
 u - a wand of polymorph (10)
Scrolls
 j - a scroll of identify {unknown}
 v - 2 scrolls of recharging {unknown}
 w - a scroll of magic mapping {unknown}
Potions
 k - a potion of cure mutation
 m - a potion of brilliance {unknown}
 q - a potion of ambrosia {unknown}
 A - a potion of magic {unknown}
 B - a potion of lignification {unknown}
 C - a potion of flight
 D - a potion of heal wounds {unknown}
Books
 p - a book of Unlife

   Spells                             Type                      Level
   a - Recall                         Summoning/Translocation      3
   b - Animate Dead                   Necromancy                   4
   c - Control Undead                 Necromancy                   4
   d - Cigotuvi's Embrace             Necromancy                   5
   e - Death Channel                  Necromancy                   6
   f - Simulacrum                     Ice/Necromancy               6
Comestibles
 g - 2 meat rations
 t - 3 bread rations
 E - a royal jelly
 F - a beef jerky


   Skills:
 + Level 3.0(2.9) Fighting
 + Level 3.5(3.4) Short Blades
 + Level 3.6(3.5) Throwing
 + Level 1.0(0.9) Armour
 + Level 3.6(3.5) Dodging
 + Level 6.6(6.5) Stealth


You had 5 spell levels left.
You didn't know any spells.

Dungeon Overview and Level Annotations

Branches:
Dungeon (4/15)
 Temple: D:4-7

Altars:
Cheibriados


Innate Abilities, Weirdness & Mutations

You are small and have problems with some larger weapons.
You are carnivorous and can eat meat at any time.


Message History

The hound is lightly wounded.
The hound closely misses you. x2
You closely miss the hound.
The hound is lightly wounded.
The hound bites you.
* * * LOW HITPOINT WARNING * * *
You hit the hound but do no damage.
The hound is lightly wounded.
The hound bites you.
* * * LOW HITPOINT WARNING * * *
You hit the hound.
The hound is moderately wounded.
The hound misses you.
You hit the hound.
The hound is moderately wounded.
The hound completely misses you.
You hit the hound.
The hound is heavily wounded.
The hound barely misses you. The hound bites you.
You die...

#.(.............
#######..#####.#
##### #..#####.#
...# #........#
#.###...###..#
#.....#.......
#..##...######
######..###.##
.......@# ...
#######h# #.##
... .# ..... .#
.#...#. ##
#.##.##.. # ♣♣♣
.# #


You could see a hound.

Vanquished Creatures
  An orc wizard (D:3)
  Natasha (thrice) (D:2)
  A worker ant (D:4)
  6 adders
  3 oozes
  A worm (D:2)
  2 giant geckos
  4 orcs (D:3)
  6 bats
  17 goblins
  11 hobgoblins
  A quokka (D:2)
  A ball python (D:3)
  5 giant cockroaches
  A giant gecko skeleton (D:4)
  8 giant newts
  2 jackals (D:3)
  7 kobolds
  3 rats
  A plant (D:1)
84 creatures vanquished.

Vanquished Creatures (others)
  An orc (D:3)
  A hobgoblin (D:3)
2 creatures vanquished.

Grand Total: 86 creatures vanquished

Notes
Turn   | Place    | Note
--------------------------------------------------------------
     0 | D:1      | Lucifugo the Kobold Assassin began the quest for the Orb.
     0 | D:1      | Reached XP level 1. HP: 12/12 MP: 1/1
   741 | D:1      | Reached XP level 2. HP: 17/17 MP: 2/2
  1255 | D:1      | Reached XP level 3. HP: 19/22 MP: 3/3
  1255 | D:1      | Reached skill level 6 in Stealth
  1759 | D:2      | Noticed Natasha
  1779 | D:2      | Killed Natasha
  1779 | D:2      | Reached XP level 4. HP: 15/27 MP: 4/4
  1845 | D:2      | Noticed Natasha
  1848 | D:2      | Killed Natasha
  2097 | D:2      | Noticed Natasha
  2101 | D:2      | Killed Natasha
  2153 | D:2      | Reached XP level 5. HP: 27/31 MP: 5/5
  2643 | D:2      | Found a snail-covered altar of Cheibriados.
  3168 | D:3      | Reached XP level 6. HP: 15/36 MP: 6/6
  4256 | D:4      | Reached skill level 1 in Armour
  4281 | D:4      | Slain by a hound

Action                   |  1- 3 |  4- 6 || total
-------------------------+-------+-------++-------
Melee: Dagger            |   179 |   405 ||   584
 Fire: Blowgun           |    59 |    47 ||   106
  Use: Scroll            |     2 |     3 ||     5
       Potion            |       |     5 ||     5
 Stab: Sleeping          |     7 |     9 ||    16
       Distracted        |     1 |     1 ||     2
  Eat: Chunk             |     7 |    10 ||    17
